 Dungeon Crawl Stone Soup version 0.21-a0-274-gc1afaeb (webtiles) character file.

11688 Lavandula the Cleaver (level 11, -4/84 (85) HPs)
             Began as a Ghoul Warper on Sept 19, 2017.
             Was a Believer of Uskayaw.
             Slain by an ogre
             ... wielding a +0 giant club
              (23 damage)
             ... on level 1 of the Orcish Mines.
             The game lasted 00:57:57 (7938 turns).

Lavandula the Cleaver (Ghoul Warper)                Turns: 7938, Time: 00:57:59

HP:   -4/84 (85)    AC: 17    Str: 16 (17) XL:     11   Next: 81%
MP:   2/12          EV: 14    Int:  7 (9)  God:    Uskayaw [**....]
Gold: 585           SH: 11    Dex: 17      Spells: 2/13 levels left

rFire    + . .     SeeInvis .   r - +2 hand axe (vamp)
rCold    + . .     Gourm    .   T - +0 buckler
rNeg     + + +     Faith    .   v - +2 robe {rF+}
rPois    ∞         Spirit   .   i - +2 helmet "Ycruong" {+Blink rN+ Dex+3}
rElec    .         Reflect  +   Q - +0 cloak
rCorr    .         Harm     .   s - +2 pair of gloves
MR       .....                  A - +2 pair of boots
Stlth    ++........             l - +5 amulet of reflection
HPRegen  0.00/turn              D - +3 ring of protection
MPRegen  0.13/turn              R - +5 ring of dexterity

@: rotting
A: rotting body, claws 1, carnivore 3, cold resistance 1, negative energy
resistance 3, inhibited regeneration, torment resistance, unbreathing
a: Stomp, Line Pass, Renounce Religion, Evoke Blink


You were on level 1 of the Orcish Mines.
You worshipped Uskayaw.
Uskayaw was noncommittal.
You were not hungry.

You visited 3 branches of the dungeon, and saw 14 of its levels.
You also visited: Labyrinth and Ossuary.

You collected 681 gold pieces.
You spent 96 gold pieces at shops.

Inventory:

Hand Weapons
 r - a +2 vampiric hand axe (weapon)
 I - a +4 hand axe of chopping
 S - a +2 vampiric glaive
 U - a +1 war axe of venom
 X - the +4 dagger of Baxtanag {freeze, rC++ Str-4 Int+4}
   (You found it in a labyrinth)

   It has been specially enchanted to freeze those struck by it, causing extra
   injury to most foes and up to half again as much damage against particularly
   susceptible opponents.
   It can also slow down cold-blooded creatures.
   It affects your strength (-4).
   It affects your intelligence (+4).
   It greatly protects you from cold.
Missiles
 d - 4 tomahawks of dispersal (quivered)
Armour
 i - the +2 helmet "Ycruong" (worn) {+Blink rN+ Dex+3}
   (You found it on level 6 of the Dungeon)

   It affects your dexterity (+3).
   It protects you from negative energy.
   It lets you blink.
 s - a +2 pair of gloves (worn)
 u - a +2 chain mail of poison resistance
 v - a +2 robe of fire resistance (worn)
 y - a +0 robe of magic resistance
 A - a +2 pair of boots (worn)
 L - a +0 crystal plate armour
 Q - a +0 cloak (worn)
 T - a +0 buckler (worn)
 V - a +2 plate armour of cold resistance
Magical Staves
 a - an uncursed staff of conjuration
Jewellery
 l - a +5 amulet of reflection (around neck)
 n - an uncursed ring of flight
 q - an uncursed ring of fire
 D - a +3 ring of protection (left hand)
 R - a +5 ring of dexterity (right hand)
Wands
 p - a wand of random effects (16/48)
 w - a wand of random effects (22/48)
 B - a wand of polymorph (6/24)
 M - a wand of clouds (2/9)
 O - a wand of digging (8/24)
Scrolls
 e - a scroll of magic mapping
 g - 2 scrolls of amnesia
 j - 3 scrolls of teleportation
 x - 6 scrolls of remove curse
 z - a scroll of brand weapon {unknown}
 E - a scroll of fog
 Y - a scroll of immolation {unknown}
Potions
 c - a potion of berserk rage {unknown}
 k - 2 potions of flight
 F - a potion of magic {unknown}
 G - a potion of cancellation {unknown}
 H - a potion of lignification {unknown}
 J - a potion of mutation
 K - a potion of resistance {unknown}
 N - 2 potions of ambrosia {unknown}
 P - 2 potions of agility
Books
 b - a book of Spatial Translocations

   Spells                             Type                      Level
   a - Blink                          Translocation                2
   b - Shroud of Golubria             Charms/Translocation         2
   c - Lesser Beckoning               Translocation                3
   d - Gell's Gravitas                Translocation                3
   e - Teleport Other                 Translocation                3
   f - Passage of Golubria            Translocation                4
 m - a book of Conjurations

   Spells                             Type                      Level
   a - Magic Dart                     Conjuration                  1
   b - Searing Ray                    Conjuration                  2
   c - Dazzling Spray                 Conjuration/Hexes            3
   d - Fulminant Prism                Conjuration/Hexes            4
   e - Force Lance                    Conjuration/Translocation    4
   f - Iskenderun's Mystic Blast      Conjuration                  4
 W - Xoecruff's Almanac of Hexes
   (You found it in a labyrinth)

   Spells                             Type                      Level
   a - Corona                         Hexes                        1
   b - Slow                           Hexes                        2
   c - Inner Flame                    Hexes/Fire                   3
   d - Confuse                        Hexes                        3
   e - Discord                        Hexes                        8
Comestibles
 f - 7 meat rations
 t - 6 royal jellies


   Skills:
 + Level 4.9 Fighting
 + Level 13.7 Axes
 - Level 0.8 Throwing
 - Level 0.8 Armour
 - Level 4.1 Dodging
 - Level 5.1 Shields
 - Level 5.0 Unarmed Combat
 - Level 1.7 Spellcasting
 - Level 2.6 Translocations
 - Level 3.9 Invocations


You had 2 spell levels left.
You knew the following spells:

 Your Spells              Type           Power        Failure   Level  Hunger
a - Blink                 Tloc           N/A          21%         2    ###....
b - Shroud of Golubria    Chrm/Tloc      #.........   34%         2    ###....
c - Passage of Golubria   Tloc           N/A          78%         4    #####..
d - Teleport Other        Tloc           #.......     36%         3    ####...


Dungeon Overview and Level Annotations

Branches:
Dungeon (12/15)            Temple (1/1) D:5            Lair (0/6) D:9
    Orc (1/2) D:9

Altars:
Ashenzari
Cheibriados
Dithmenos
Elyvilon
Fedhas
Gozag
Hepliaklqana
Kikubaaqudgha
Nemelex Xobeh
Okawaru
Ru
Sif Muna
Trog
Uskayaw
Vehumet
Wu Jian
Xom
Yredelemnul
Zin
The Shining One

Shops:
D:4 (   D:5 }   D:6 %   Orc:1 *

Annotations:
D:9 dricus's ghost, novice DDFi
D:10 Urug
D:11 zxcv's ghost, journeyman TrBe


Innate Abilities, Weirdness & Mutations

Your body is rotting away.
You thrive on raw meat.
You are immune to poison.
You have sharp fingernails.
You are carnivorous and can eat meat at any time.
Your flesh is cold resistant. (rC+)
You are immune to negative energy. (rN+++)
You do not regenerate when monsters are visible.
You are immune to unholy pain and torment.
You can survive without breathing.


Message History

You barely miss the orc warrior. You block the warg's attack.
The ettin is engulfed in noxious fumes.
The orc warrior hits the ogre with a mace!
Unknown command.
You slash the warg!
The warg is heavily wounded.
You hit the ogre.
You hit the orc warrior but do no damage.
The warg misses you.
The orc warrior is engulfed in noxious fumes.
You block the orc warrior's attack.
The ettin is engulfed in noxious fumes.
The ettin appears confused.
Unknown command.
You barely miss the ogre.
The ogre is heavily wounded.
You miss the warg.
You catch the helpless orc warrior completely off-guard!
You slash the orc warrior!
You feel better.
The ettin looks more healthy.
The ogre hits you with a giant club!!
You die...

...........#.#.....
....$.....#...#..##
...$..>...........#
#.#.....).........
##...$.[..o.......
.#.....)..o..##..
#.............#
....#.......o.#### .
...#...........#@##....
............§C§ohO$..#
..##........#§§.o$..##
###......#$##§...$...#
# #....######.#.##...#
.#.## ##... #.## ..##
#... ## ###.# ..


You could see an ettin (confused), a warg, 2 orc warriors and an ogre.

Vanquished Creatures
  A two-headed ogre (Orc:1)
  A death yak (Lab)
  A gargoyle (D:10)
  A troll (D:9)
  A hippogriff (D:5)
  2 redbacks (Lab)
  6 yaks (D:9)
  4 basilisks (Lab)
  A wraith (D:12)
  A shadow (D:12)
  Grum (D:10)
  6 hungry ghosts
  2 water moccasins
  A swamp drake (D:9)
  2 ice beasts
  7 orc warriors
  2 sky beasts
  2 phantoms
  4 ogres
  2 black bears (D:7)
  8 centaurs
  2 wolves (D:10)
  A big kobold (D:9)
  3 bullfrogs
  A gnoll sergeant (D:8)
  A wyvern skeleton (D:11)
  4 water moccasin zombies
  6 scorpions
  4 killer bees (D:8)
  8 wights
  6 howler monkeys
  3 crimson imps
  4 hounds
  A quasit (D:6)
  A bullfrog skeleton (D:6)
  8 orc priests
  12 orc wizards
  A gnoll shaman (D:8)
  2 centaur skeletons
  An iguana (D:8)
  9 worker ants
  2 big kobold zombies (Ossuary)
  A hound zombie (D:10)
  4 hound skeletons
  2 mummies (Ossuary)
  7 adders
  19 gnolls
  4 shadow imps
  3 adder zombies (Ossuary)
  An adder skeleton (D:6)
  3 dart slugs
  2 leopard geckos
  63 orcs
  5 giant cockroaches
  4 gnoll zombies (Ossuary)
  2 hobgoblins
  4 quokkas
  A ball python (D:4)
  5 frilled lizards
  5 goblins
  A goblin zombie (D:6)
  7 hobgoblin zombies
  6 kobolds
  A kobold skeleton (D:6)
  6 kobold zombies
  2 orc skeletons (D:6)
  7 orc zombies
  A quokka skeleton (D:5)
  4 rats
306 creatures vanquished.

Vanquished Creatures (others)
  A two-headed ogre (D:11)
  An orc priest (D:9)
  A big kobold zombie (Ossuary)
  An orc (D:9)
4 creatures vanquished.

Grand Total: 310 creatures vanquished

Notes
Turn   | Place    | Note
-------+----------+-------------------------------------------
     0 | D:1      | Lavandula the Ghoul Warper began the quest for the Orb.
     0 | D:1      | Reached XP level 1. HP: 17/17 MP: 2/2
   180 | D:2      | Reached XP level 2. HP: 24/24 MP: 3/3
   239 | D:2      | Learned a level 2 spell: Blink
   242 | D:2      | Learned a level 2 spell: Shroud of Golubria
   306 | D:2      | Reached XP level 3. HP: 23/29 MP: 1/4
   429 | D:3      | Found a glowing silver altar of Zin.
   508 | D:3      | Reached XP level 4. HP: 36/36 MP: 1/5
   635 | D:3      | Found an iron altar of Okawaru.
   666 | D:3      | Reached skill level 5 in Unarmed Combat
   709 | D:4      | Noticed a phantom
   745 | D:4      | Killed a phantom
   745 | D:4      | Reached XP level 5. HP: 29/46 MP: 1/6
   823 | D:4      | Reached skill level 1 in Axes
   869 | D:4      | Reached skill level 2 in Axes
   869 | D:4      | Reached XP level 6. HP: 12/51 MP: 5/7
   878 | D:4      | Found an ancient bone altar of Kikubaaqudgha.
   885 | D:4      | Found Bugixi's Antique Weapon Shop.
  1095 | D:5      | Entered Level 5 of the Dungeon
  1299 | D:4      | Reached skill level 3 in Axes
  1341 | D:5      | Found Xakhlomn's Gadget Shoppe.
  1399 | D:5      | Reached XP level 7. HP: 53/59 MP: 5/8
  1441 | D:5      | Reached skill level 4 in Axes
  1565 | D:5      | Found a staircase to the Ecumenical Temple.
  1565 | D:5      | Noticed a hippogriff
  1586 | Temple   | Entered the Ecumenical Temple
  1621 | Temple   | Became a worshipper of Uskayaw the Reveler
  1811 | D:5      | Reached * piety under Uskayaw
  1817 | D:5      | Reached skill level 5 in Axes
  1819 | D:5      | Reached ** piety under Uskayaw
  1824 | D:5      | Reached *** piety under Uskayaw
  1838 | D:5      | Killed a hippogriff
  1838 | D:5      | Reached skill level 6 in Axes
  1838 | D:5      | Reached **** piety under Uskayaw
  1954 | D:5      | Reached XP level 8. HP: 30/66 MP: 9/9
  2181 | D:5      | Reached skill level 7 in Axes
  2577 | D:6      | Reached ***** piety under Uskayaw
  2587 | D:6      | Reached skill level 8 in Axes
  2590 | D:6      | Reached ****** piety under Uskayaw
  2744 | D:6      | Reached XP level 9. HP: 59/71 MP: 8/10
  2755 | D:6      | Found a glowing golden altar of the Shining One.
  2771 | D:6      | Reached skill level 9 in Axes
  2818 | D:6      | Got an ichor-stained helmet
  2824 | D:6      | Identified the +2 helmet "Ycruong" {+Blink rN+ Dex+3} (You found it on level 6 of the Dungeon)
  2863 | D:6      | Found Gaefuh's Food Shop.
  3516 | D:7      | Reached skill level 1 in Invocations
  3518 | D:7      | Found a bloodstained altar of Trog.
  3732 | D:7      | Reached skill level 10 in Axes
  3864 | D:7      | Found a shimmering altar of Xom.
  4042 | D:8      | Found a sand-covered staircase.
  4104 | Ossuary  | Entered an ossuary
  4368 | D:8      | Learned a level 4 spell: Passage of Golubria
  4392 | D:8      | Reached XP level 10. HP: 80/80 MP: 11/11
  4762 | D:9      | Reached skill level 11 in Axes
  4974 | D:9      | Found a radiant altar of Vehumet.
  5026 | D:9      | Found a staircase to the Lair.
  5035 | D:9      | Noticed dricus's ghost (novice DDFi)
  5060 | D:9      | Reached skill level 12 in Axes
  5156 | D:9      | Found a staircase to the Orcish Mines.
  5247 | Orc:1    | Entered Level 1 of the Orcish Mines
  5247 | Orc:1    | Noticed a two-headed ogre
  5306 | D:10     | Entered Level 10 of the Dungeon
  5361 | D:10     | Noticed Grum
  5385 | D:10     | Killed Grum
  5459 | D:10     | Reached XP level 11. HP: 20/85 MP: 9/12
  5460 | D:10     | Reached skill level 1 in Shields
  5546 | D:10     | Noticed Urug
  5802 | D:10     | HP: 3/85 [gargoyle/mace (11)]
  6015 | D:11     | Found a labyrinth entrance.
  6024 | Lab      | Entered a labyrinth
  6243 | Lab      | Learned a level 3 spell: Teleport Other
  6420 | Lab      | Noticed a minotaur
  6805 | Lab      | Reached skill level 5 in Shields
  7000 | Lab      | Noticed a death yak
  7000 | Lab      | a minotaur changed into a death yak
  7003 | Lab      | Killed a death yak
  7003 | Lab      | Reached skill level 13 in Axes
  7025 | Lab      | Identified Xoecruff's Almanac of Hexes
  7027 | Lab      | Got a bone dagger
  7077 | D:11     | Noticed a six-headed hydra
  7104 | D:11     | Noticed a two-headed ogre
  7127 | D:11     | Killed a two-headed ogre
  7455 | D:11     | Noticed zxcv's ghost (journeyman TrBe)
  7487 | D:12     | Identified the +4 dagger of Baxtanag {freeze, rC++ Str-4 Int+4} (You found it in a labyrinth)
  7572 | D:11     | Noticed a purple ugly thing
  7821 | Orc:1    | Killed a two-headed ogre
  7828 | Orc:1    | Found Giaco's General Store.
  7852 | Orc:1    | Bought a potion of agility for 64 gold pieces
  7852 | Orc:1    | Bought a scroll of identify for 32 gold pieces
  7869 | Orc:1    | Noticed an ettin
  7938 | Orc:1    | Slain by an ogre

Vault maps used:
D:1:      roderic_dead_forest
D:3:      zin_treasury, serial_undead, serial_undead_d, serial_undead_f,
          serial_undead_f, serial_undead_e, serial_undead_b,
          serial_park_tiny_pond, kennysheep_okawaru_gauntlet
D:4:      kiku_gazebo_pond_becter, serial_shops, shop, first_bread
D:5:      kennysheep_mini, minmay_temple_entry_steel_oval, serial_shops,
          nicolae_shop_crystal, basic_altar, st_stairs_8
D:6:      nicolae_tso_besieged_by_evil, serial_shops, nicolae_shop_trees,
          st_stairs_10
D:7:      xom_butterflies, trog_ov_bears_minmay
D:8:      lemuel_crystal_altar, nicolae_ossuary_entry_monument
D:9:      lemuel_coloured_pillars_altar, erik_orc_1
D:10:     minmay_misc_feat_square, uniq_psyche, uniq_urug, uniq_grum
D:11:     lab_entry_generic, hangedman_fish_farm, uniq_harold
D:12:     serial_shops, shop_statue, jmf_multi_god_temple2, uniq_azrael
Temple:   nicolae_temple_great_sept
Orc:1:    serial_shops, nicolae_shop_stone, mines1_david
Lab:      nicolae_lab_dead_adventurers, nicolae_lab_grate, lab_statue,
          nicolae_lab_quarters, nicolae_lab_starburst,
          labyrinth_skeletal_remains, nicolae_lab_plus, nicolae_lab_grate_2,
          nicolae_lab_big_swirl
Ossuary:  ossuary_tomb_2

Skill      XL: |  1  2  3  4  5  6  7  8  9 10 11 |
---------------+----------------------------------+-----
Unarmed Combat | 3 4 5 |  5.0
Fighting       | 4 |  4.9
Axes           | 2 3 6 8 10 12 13 | 13.7
Invocations    | 3 |  3.9
Dodging        | 4 |  4.1
Shields        | 5 |  5.1
Throwing       | |  0.8
Armour         | |  0.8
Spellcasting   | |  1.7
Translocations | |  2.6

Action                   |  1- 3 |  4- 6 |  7- 9 | 10-12 || total
-------------------------+-------+-------+-------+-------++-------
Melee: Unarmed           |    95 |   142 |       |       ||   237
       Punch             |       |     2 |    13 |    11 ||    26
       Hand axe          |       |    30 |   756 |   777 ||  1563
       War axe           |       |       |       |    18 ||    18
Throw: Tomahawk          |       |       |       |     1 ||     1
 Cast: Shroud of Golubri |     4 |     8 |    24 |    31 ||    67
       Blink             |       |       |     1 |     8 ||     9
Invok: Line Pass         |       |       |     4 |     7 ||    11
       Stomp             |       |       |       |     2 ||     2
Evoke: Wand              |       |       |       |    17 ||    17
  Use: Scroll            |       |     4 |     8 |    13 ||    25
       Potion            |       |       |     3 |     4 ||     7
 Stab: Paralysed         |       |       |    35 |    74 ||   109
       Distracted        |       |       |     1 |       ||     1
       Confused          |       |       |     2 |     8 ||    10
  Eat: Chunk             |    12 |    16 |    25 |    46 ||    99
Armor: Leather armour    |    10 |    31 |       |       ||    41
       Robe              |       |     2 |   208 |   221 ||   431
       Chain mail        |       |       |    29 |       ||    29
Dodge: Dodged            |    50 |    72 |   392 |   280 ||   794
Block: Other             |       |       |    85 |    79 ||   164
       Buckler           |       |       |       |    97 ||    97
       Reflection        |       |       |       |     3 ||     3

Table legend:
 A = Spawn XP
 B = Non-spawn XP
 C = Spawn XP percentage of total XP
 D = Spawn monster count
 E = Non-spawn monster count
 F = Spawn count percentage of total count
 G = Total turns spent on level
                    A         B        C        D         E        F      G
               +---------+---------+-------+---------+---------+-------+---------
         Total |       0 |   16698 |   0.0 |       0 |     310 |   0.0 |  7938
               +---------+---------+-------+---------+---------+-------+---------
           D:1 |       0 |       9 |   0.0 |       0 |       6 |   0.0 |   177
           D:2 |       0 |      27 |   0.0 |       0 |       8 |   0.0 |   160
           D:3 |       0 |      79 |   0.0 |       0 |      17 |   0.0 |   351
           D:4 |       0 |     467 |   0.0 |       0 |      21 |   0.0 |   671
           D:5 |       0 |     968 |   0.0 |       0 |      14 |   0.0 |   677
           D:6 |       0 |    1382 |   0.0 |       0 |      39 |   0.0 |  1105
           D:7 |       0 |     991 |   0.0 |       0 |      28 |   0.0 |   679
           D:8 |       0 |     818 |   0.0 |       0 |      27 |   0.0 |   402
           D:9 |       0 |    3852 |   0.0 |       0 |      65 |   0.0 |   750
          D:10 |       0 |    1547 |   0.0 |       0 |      21 |   0.0 |   631
          D:11 |       0 |    1782 |   0.0 |       0 |      13 |   0.0 |   622
          D:12 |       0 |     531 |   0.0 |       0 |       3 |   0.0 |    94
         Orc:1 |       0 |    1038 |   0.0 |       0 |       6 |   0.0 |   142
           Lab |       0 |    2836 |   0.0 |       0 |      11 |   0.0 |  1038
       Ossuary |       0 |     371 |   0.0 |       0 |      31 |   0.0 |   241
               +---------+---------+-------+---------+---------+-------+---------
